 Dungeon Crawl Stone Soup version bcrawl-1.21.3 (webtiles) character file.

Game seed: 3729432241015362819

64 funkygono the Quickloader (level 4, -2/34 HPs)
             Began as a Gnoll Wanderer on Apr 5, 2020.
             Slain by a worker ant (7 damage)
             ... on level 2 of the Dungeon.
             The game lasted 00:04:53 (797 turns).

funkygono the Quickloader (Gnoll Wanderer)           Turns: 797, Time: 00:04:54

Health: -2/34      AC:  3    Str: 13    XL:     4   Next: 12%
Magic:  6/6        EV: 11    Int: 14    God:
Gold:   131        SH:  0    Dex: 17    Spells: 5/5 levels left

rFire    . . .     SeeInvis .   a - +0 whip
rCold    . . .     Gourm    .   (no shield)
rNeg     . . .     Faith    .   l - +0 leather armour (curse)
rPois    .         Spirit   .   (no helmet)
rElec    .         Reflect  .   (no cloak)
rCorr    .         Harm     .   (no gloves)
MR       .....                  (no boots)
Stlth    ++........             (no amulet)
HPRegen  0.11/turn              (no ring)
MPRegen  0.10/turn              (no ring)

@: lethally poisoned (-2 -> -10)
A: distributed training, fangs 1, strong nose
a: no special abilities


You were on level 2 of the Dungeon.
You were not hungry.

You visited 1 branch of the dungeon, and saw 2 of its levels.

You collected 131 gold pieces.

Inventory:

Hand Weapons
 a - a +0 whip (weapon)
 b - a +2 hand crossbow
Missiles
 g - 277 arrows
 j - 68 bolts
 m - 161 sling bullets
Armour
 l - a cursed +0 leather armour (worn)
Scrolls
 d - 3 scrolls of teleportation
 f - a scroll of identify
Potions
 c - a potion of agility
 i - a potion of might
 k - a potion of haste
 n - 2 potions of heal wounds
 o - a potion of degeneration {unknown}
Comestibles
 e - 7 rations {!d}
 h - 8 chunks of flesh


   Skills:
 + Level 2.7 Fighting
 + Level 1.0 Short Blades
 + Level 1.0 Long Blades
 + Level 1.0 Axes
 + Level 1.0 Maces & Flails
 + Level 1.0 Polearms
 + Level 1.0 Staves
 + Level 1.0 Slings
 + Level 1.0 Bows
 + Level 10.3 Crossbows
 + Level 1.0 Throwing
 + Level 4.6 Armour
 + Level 1.0 Dodging
 + Level 2.7 Stealth
 + Level 1.0 Shields
 + Level 1.0 Unarmed Combat
 + Level 1.0 Spellcasting
 + Level 0.7 Conjurations
 + Level 0.7 Hexes
 + Level 0.7 Charms
 + Level 0.7 Summonings
 + Level 0.7 Necromancy
 + Level 0.7 Translocations
 + Level 0.7 Transmutations
 + Level 0.7 Fire Magic
 + Level 0.7 Ice Magic
 + Level 0.7 Air Magic
 + Level 0.7 Earth Magic
 + Level 0.7 Poison Magic
 + Level 1.1 Invocations
 + Level 2.7 Evocations


You had 5 spell levels left.
You didn't know any spells.
Your spell library was empty.

Dungeon Overview and Level Annotations

Branches:
Dungeon (2/12)

Altars:


Innate Abilities, Weirdness & Mutations

Your experience applies equally to all skills.
You have very sharp teeth.
Your uncanny sense of smell can sniff out nearby items.


Message History

* * * LOW HITPOINT WARNING * * *
You barely miss the worker ant. Your bite misses the worker ant.
The worker ant is severely wounded.
The worker ant barely misses you.
You hit the worker ant.
The worker ant is almost dead.
You feel sick. The worker ant bites you.
* * * LOW HITPOINT WARNING * * *
You are lethally poisoned!
The worker ant poisons you!
The worker ant bites you but does no damage.
You hit the worker ant but do no damage.
The worker ant is almost dead.
* * * LOW HITPOINT WARNING * * *
You feel sick. The worker ant misses you.
You closely miss the worker ant.
You bite the worker ant, but do no damage.
The worker ant is almost dead.
The worker ant bites you!
You die...

#.#.............#...............#
#.#.............................#
#.#...######....#...............#
..#.... .........................
..##########....####............#
รท...>.............##............#
..................##......#######
#.................#########
#...............@.......
................a....!..
.............#..?.......
.#############.......... .
........... . ...$......## .
......#....# .^.....#.....


You could see a worker ant.

Vanquished Creatures
  An adder (D:2)
  An ooze (D:2)
  A worm (D:2)
  A dart slug (D:1)
  A leopard gecko (D:1)
  An orc (D:2)
  6 bats
  6 goblins
  4 hobgoblins (D:1)
  8 jackals
  4 kobolds
  A frilled lizard (D:1)
  4 rats (D:1)
39 creatures vanquished.

Notes
Turn   | Place    | Note
-------+----------+-------------------------------------------
     0 | D:1      | Reached skill level 10 in Crossbows
     0 | D:1      | funkygono the Gnoll Wanderer began the quest for the Orb.
     0 | D:1      | funkygono set off with the following items: a +2 hand
                  | crossbow, 150 bolts, a potion of agility, a scroll of
                  | teleportation, a ration {!d}, a +0 robe
     0 | D:1      | Reached XP level 1. HP: 17/17 MP: 2/2
    33 | D:1      | Reached XP level 2. HP: 23/23 MP: 3/3
   349 | D:1      | Reached XP level 3. HP: 28/28 MP: 4/4
   575 | D:2      | Reached skill level 1 in Invocations
   599 | D:2      | Reached skill level 1 in Short Blades
   599 | D:2      | Reached skill level 1 in Long Blades
   599 | D:2      | Reached skill level 1 in Axes
   599 | D:2      | Reached skill level 1 in Maces & Flails
   599 | D:2      | Reached skill level 1 in Polearms
   599 | D:2      | Reached skill level 1 in Staves
   599 | D:2      | Reached skill level 1 in Slings
   599 | D:2      | Reached skill level 1 in Bows
   599 | D:2      | Reached skill level 1 in Throwing
   599 | D:2      | Reached skill level 1 in Dodging
   599 | D:2      | Reached skill level 1 in Shields
   599 | D:2      | Reached skill level 1 in Unarmed Combat
   599 | D:2      | Reached skill level 1 in Spellcasting
   642 | D:2      | Reached XP level 4. HP: 34/34 MP: 6/6
   797 | D:2      | Slain by a worker ant

Skill      XL: |  1  2  3 |
---------------+----------+-----
Crossbows      | | 10.3
Invocations    | 1 |  1.1
Short Blades   | 1 |  1.0
Long Blades    | 1 |  1.0
Axes           | 1 |  1.0
Maces & Flails | 1 |  1.0
Polearms       | 1 |  1.0
Staves         | 1 |  1.0
Slings         | 1 |  1.0
Bows           | 1 |  1.0
Throwing       | 1 |  1.0
Dodging        | 1 |  1.0
Shields        | 1 |  1.0
Unarmed Combat | 1 |  1.0
Spellcasting   | 1 |  1.0
Fighting       | |  2.7
Armour         | |  4.6
Stealth        | |  2.7
Conjurations   | |  0.7
Hexes          | |  0.7
Charms         | |  0.7
Summonings     | |  0.7
Necromancy     | |  0.7
Translocations | |  0.7
Transmutations | |  0.7
Fire Magic     | |  0.7
Ice Magic      | |  0.7
Air Magic      | |  0.7
Earth Magic    | |  0.7
Poison Magic   | |  0.7
Evocations     | |  2.7

Action                   |  1- 3 |  4- 6 || total
-------------------------+-------+-------++-------
Melee: Whip              |     9 |    10 ||    19
       Bite              |       |     4 ||     4
 Fire: Hand crossbow     |    71 |    11 ||    82
  Use: Scroll            |     3 |       ||     3
Armor: Robe              |     4 |       ||     4
       Leather armour    |     1 |     2 ||     3
Dodge: Dodged            |    17 |     3 ||    20
